 Dungeon Crawl Stone Soup version 0.23.2-33-g5129a83184 (webtiles) character file.

Game seed: 12375815573188240506

135 shadizar the Shield-Bearer (level 5, -2/33 HPs)
             Began as a Gargoyle Fighter on June 30, 2019.
             Slain by an orc
             ... wielding a +0 trident
              (3 damage)
             ... while paralysed by Grinder
             ... on level 3 of the Dungeon.
             The game lasted 00:02:45 (1907 turns).

shadizar the Shield-Bearer (Gargoyle Fighter)       Turns: 1907, Time: 00:02:46

Health: -2/33      AC: 10    Str: 25    XL:     5   Next: 18%
Magic:  5/5        EV:  2    Int:  9    God:
Gold:   67         SH:  0    Dex:  9    Spells: 4/4 levels left

rFire    . . .     SeeInvis .   o - +0 mace (drain)
rCold    . . .     Gourm    .   c - +0 shield
rNeg     + . .     Faith    .   b - +0 scale mail
rPois    ∞         Spirit   .   (no helmet)
rElec    +         Reflect  .   (no cloak)
rCorr    .         Harm     .   (no gloves)
MR       .....                  (no boots)
Stlth    ..........             (no amulet)
HPRegen  0.11/turn              (no ring)
MPRegen  0.09/turn              (no ring)

@: paralysed, mighty
A: negative energy resistance 1, electricity resistance, unbreathing,
petrification resistance, rot immunity, AC +4
a: no special abilities


You were on level 3 of the Dungeon.
You were not hungry.

You visited 1 branch of the dungeon, and saw 3 of its levels.

You collected 67 gold pieces.

Inventory:

Hand Weapons
 a - a +0 flail
 o - a +0 mace of draining (weapon)
Armour
 b - a +0 scale mail (worn)
 c - a +0 shield (worn)
Wands
 l - a wand of paralysis (22)
Scrolls
 e - a scroll of enchant weapon {unknown}
 g - 2 scrolls of remove curse {unknown}
 h - a scroll of immolation {unknown}
 i - 2 scrolls of amnesia {unknown}
 j - a scroll of fog {unknown}
 n - 2 scrolls of blinking {unknown}
 p - a scroll of identify {unknown}
Potions
 d - a potion of might
 k - a potion of brilliance {unknown}
 m - a potion of flight {unknown}
 q - 2 potions of mutation {unknown}
 r - 2 potions of curing {unknown}
 s - a potion of ambrosia {unknown}
Comestibles
 f - 8 rations
 t - a chunk of flesh


   Skills:
 + Level 3.8 Fighting
 + Level 3.7 Maces & Flails
 + Level 3.6 Armour
 + Level 0.1 Dodging
 + Level 4.4 Shields


You had 4 spell levels left.
You didn't know any spells.
Your spell library was empty.

Dungeon Overview and Level Annotations

Branches:
Dungeon (3/15)

Altars:

Annotations:
D:3 Grinder


Innate Abilities, Weirdness & Mutations

You are resistant to torment.
Your stone body is resilient. (AC +4)
You are immune to poison.
You resist negative energy. (rN+)
You are resistant to electric shocks. (rElec)
You can survive without breathing.
You are immune to petrification.
You are immune to rotting.


Message History

The kobold throws a stone.
The stone misses you.
The stone hits Grinder but does no damage.
Grinder gestures at you.
You suddenly lose the ability to move!
The orc hits you but does no damage.
The kobold throws a stone.
The stone hits you but does no damage. Grinder gestures at you.
You barely resist. The orc hits you but does no damage.
The kobold throws a stone.
The stone hits you but does no damage. Grinder hits you but does no damage.
The orc hits you from afar with a +0 trident.
The kobold throws a stone.
The stone hits you but does no damage. Grinder hits you.
You writhe in agony.
* * * LOW HITPOINT WARNING * * *
The orc hits you but does no damage. Grinder hits you.
* * * LOW HITPOINT WARNING * * *
You writhe in agony.
* * * LOW HITPOINT WARNING * * *
The orc hits you from afar with a +0 trident.
You die...

#...#
#....#+#......
#..5#
#.##.#........
o...#
#.##.###..)###
#...# #.##.# #...#
#...# #.##># #####
#...# #.##.#
##.####...# #.##.#
.......o#####.##.#
.##...+.K@5...##.#
..... ##########.#
###. #


You could see Grinder, an orc and a kobold.

Vanquished Creatures
  A gnoll (D:1)
  3 adders
  2 oozes (D:1)
  3 worms (D:2)
  5 dart slugs
  3 leopard geckos
  4 orcs (D:3)
  7 bats
  6 goblins
  7 hobgoblins
  6 jackals (D:3)
  5 kobolds
  A quokka (D:2)
  A ball python (D:1)
  3 frilled lizards
  7 rats
64 creatures vanquished.

Notes
Turn   | Place    | Note
-------+----------+-------------------------------------------
     0 | D:1      | shadizar the Gargoyle Fighter began the quest for the Orb.
     0 | D:1      | Reached XP level 1. HP: 14/14 MP: 1/1
   109 | D:1      | Reached XP level 2. HP: 17/19 MP: 2/2
   155 | D:1      | Reached XP level 3. HP: 14/23 MP: 3/3
   164 | D:1      | Reached skill level 4 in Shields
   905 | D:2      | Reached XP level 4. HP: 15/29 MP: 4/4
  1712 | D:3      | Reached XP level 5. HP: 30/33 MP: 5/5
  1878 | D:3      | Noticed Grinder
  1894 | D:3      | Paralysed by Grinder for 5 turns
  1903 | D:3      | Paralysed by Grinder for 7 turns
  1907 | D:3      | HP: 1/33 [Grinder (1)]
  1907 | D:3      | Slain by an orc

Skill      XL: |  1  2  3 |
---------------+----------+-----
Shields        | 4 |  4.4
Maces & Flails | 3 |  3.7
Fighting       | |  3.8
Armour         | |  3.6
Dodging        | |  0.1

Action                   |  1- 3 |  4- 6 || total
-------------------------+-------+-------++-------
Melee: Flail             |   132 |   140 ||   272
       Mace              |       |    15 ||    15
  Use: Potion            |       |     1 ||     1
  Eat: Chunk             |       |     4 ||     4
Armor: Scale mail        |    85 |   102 ||   187
Dodge: Dodged            |    53 |    56 ||   109
Block: Shield            |    75 |    85 ||   160
